 Dungeon Crawl Stone Soup version 0.24-a0-179-g7a2c91a (webtiles) character file.

Game seed: 17465171689607963249

325 tilp the Cudgeler (level 6, -1/46 (47) HPs)
             Began as a Demonspawn Chaos Knight on Mar 13, 2019.
             Was a Plaything of Xom.
             Slain by an ogre
             ... wielding a +0 giant club
             ... summoned by Xom
              (8 damage)
             ... on level 4 of the Dungeon.
             The game lasted 00:08:18 (2333 turns).

tilp the Cudgeler (Demonspawn Chaos Knight)         Turns: 2333, Time: 00:08:20

HP:   -1/46 (47)    AC: 19    Str: 14    XL:     6   Next: 24%
MP:   6/6           EV:  6    Int: 14    God:    Xom [....*.]
Gold: 206           SH:  0    Dex: 12    Spells: 5/5 levels left

rFire    . . .     SeeInvis .   a - +1 mace (chaos)
rCold    . . .     Gourm    .   (no shield)
rNeg     . . .     Faith    .   o - +0 chain mail
rPois    .         Spirit   .   p - +0 helmet
rElec    .         Reflect  .   (no cloak)
rCorr    .         Harm     .   j - +0 pair of gloves
MR       .....                  v - +2 pair of boots
Stlth    ..........             (no amulet)
HPRegen  0.15/turn              (no ring)
MPRegen  0.10/turn              (no ring)

@: lethally poisoned (-1 -> -2), sanguine armour, flying
A: hooves 1, powered by death 1, sanguine armour 1
a: Renounce Religion


You were on level 4 of the Dungeon.
You worshipped Xom.
You were a beloved toy of Xom.
You were not hungry.

You visited 1 branch of the dungeon, and saw 4 of its levels.

You collected 206 gold pieces.

Inventory:

Hand Weapons
 a - a +1 mace of chaos (weapon)
 b - a +0 hunting sling of flaming
 z - a +0 morningstar
Missiles
 m - 52 stones (quivered)
 y - a throwing net
Armour
 f - a +2 leather armour
 j - a +0 pair of gloves (worn)
 o - a +0 chain mail (worn)
 p - a +0 helmet (worn)
 v - a +2 pair of boots (worn)
Jewellery
 q - an uncursed ring of protection from cold {unknown}
Wands
 w - a wand of enslavement (8)
Scrolls
 e - a scroll of fear
 g - 4 scrolls of immolation
 i - 3 scrolls of identify
 k - 2 scrolls of remove curse
 s - a scroll of blinking {unknown}
 t - a scroll of enchant weapon
Potions
 h - 2 potions of flight
 l - a potion of brilliance {unknown}
 n - a potion of lignification {unknown}
 r - 3 potions of agility
 u - a potion of mutation {unknown}
 x - a potion of resistance {unknown}
Comestibles
 c - 11 rations
 d - 7 chunks of flesh


   Skills:
 - Level 3.0 Fighting
 + Level 6.4 Maces & Flails
 - Level 1.7 Armour
 - Level 0.8 Dodging


You had 5 spell levels left.
You didn't know any spells.
Your spell library was empty.

Dungeon Overview and Level Annotations

Branches:
Dungeon (4/15)
 Temple: D:4-7

Altars:
Ashenzari
Cheibriados
Okawaru
Xom

Annotations:
D:4 1 runed translucent door, Crazy Yiuf, Eustachio


Innate Abilities, Weirdness & Mutations

You have large cloven feet.
You regenerate a little health from kills.
When seriously injured, your bleeding wounds create armour. (AC +6)


Message History

You hit the worker ant.
The worker ant spins around.
The worker ant is almost dead.
You feel sick. The worker ant bites you.
* * * LOW HITPOINT WARNING * * *
You closely miss the worker ant.
The worker ant is almost dead.
The worker ant bites you but does no damage.
You hit the worker ant but do no damage.
The worker ant flickers and vanishes!
Deactivating autopickup; reactivate with Ctrl-A.
Something bites you but does no damage. x2
You miss something.
You feel sick. Something bites you but does no damage.
You completely miss something. Something bites you but does no damage.
You hit something. You burn something.
Reactivating autopickup.
It was a potion of flight.
You feel very buoyant.
You fly up into the air.
The ogre hits you with a +0 giant club!
You die...
Xom yawns loudly!

###.#.#......
#.......[#
###......#
#>.##..##
#...#!..#
#.#...#
#.##)##
##.##w.#..#
##..@O.....#
#...#####...#
#..## #..#
#$.# #.# #..#
.# #.... .
.....o.
.......M.$
..........


You could see an ogre and a worm.

Vanquished Creatures
  Menkaure (D:4)
  A crimson imp (D:3)
  A bullfrog skeleton (D:4)
  A worker ant (D:4)
  An adder (D:4)
  An ooze (D:3)
  An adder skeleton (D:4)
  4 worms
  3 dart slugs (D:3)
  9 orcs
  6 bats
  4 giant cockroaches
  9 goblins
  4 hobgoblins
  3 jackals (D:2)
  4 quokkas
  2 ball pythons
  7 frilled lizards
  4 kobolds
  5 rats
71 creatures vanquished.

Notes
Turn   | Place    | Note
-------+----------+-------------------------------------------
     0 | D:1      | tilp the Demonspawn Chaos Knight began the quest for the
                  | Orb.
     0 | D:1      | Reached XP level 1. HP: 18/18 MP: 1/1
    16 | D:1      | XOM: smoke on damage
    60 | D:1      | Reached skill level 3 in Maces & Flails
   252 | D:1      | Gained mutation: You regenerate a little health from kills.
                  | [demonic ancestry]
   252 | D:1      | Reached XP level 2. HP: 14/24 MP: 2/2
   284 | D:1      | XOM: divination: detect items
   482 | D:1      | XOM: harmless Hex miscast
   611 | D:1      | XOM: harmless Hex miscast
   677 | D:2      | Found an iron altar of Okawaru.
   677 | D:2      | Found a snail-covered altar of Cheibriados.
   785 | D:2      | XOM: harmless Tmut miscast
   806 | D:2      | XOM: harmless Tmut miscast
   833 | D:2      | XOM: mild Necr miscast
   910 | D:2      | Gained mutation: When seriously injured, your bleeding
                  | wounds create armour. (AC +6) [demonic ancestry]
   910 | D:2      | Reached XP level 3. HP: 28/28 MP: 3/3
  1065 | D:2      | Reached skill level 4 in Maces & Flails
  1078 | D:2      | XOM: smoke on damage
  1428 | D:3      | Reached XP level 4. HP: 25/34 MP: 4/4
  1438 | D:3      | Found a shattered altar of Ashenzari.
  1820 | D:3      | XOM: medium Tloc miscast
  1910 | D:3      | Reached skill level 5 in Maces & Flails
  2110 | D:4      | Found a shimmering altar of Xom.
  2179 | D:4      | Reached XP level 5. HP: 15/40 MP: 5/5
  2188 | D:4      | Found a runed translucent door.
  2188 | D:4      | Noticed Eustachio
  2189 | D:4      | Noticed Crazy Yiuf
  2281 | D:4      | Noticed Menkaure
  2304 | D:4      | Killed Menkaure
  2304 | D:4      | Reached skill level 6 in Maces & Flails
  2304 | D:4      | Gained mutation: You have large cloven feet. [demonic
                  | ancestry]
  2304 | D:4      | Reached XP level 6. HP: 17/46 MP: 6/6
  2311 | D:4      | XOM: summons 4 hostile shadow creatures
  2333 | D:4      | Slain by an ogre

Levels and vault maps discovered:
D:1:      dpeg_chamrin_arrival_tetris, layout_basic
D:2:      layout_basic, chequers_temple_overflow_statue_of_worship,
          serial_glass, glass_columns_b, glass_columns_c, glass_columns_a,
          glass_columns_a, glass_columns_a, glass_columns_c, st_stairs_12
D:3:      layout_basic, lemuel_round_altar, first_ration, wad_orctagon
D:4:      layout_rooms, xom_redecorated, uniq_crazy_yiuf_cottage, uniq_menkaure,
          uniq_eustachio, uniq_duvessa

Skill      XL: |  1  2  3  4  5 |
---------------+----------------+-----
Maces & Flails | 3 4 5 6 |  6.4
Fighting       | |  3.0
Armour         | |  1.7
Dodging        | |  0.8

Action                   |  1- 3 |  4- 6 || total
-------------------------+-------+-------++-------
Melee: Mace              |   101 |   124 ||   225
 Fire: Hunting sling     |    19 |       ||    19
Throw: Stone             |     3 |       ||     3
  Use: Scroll            |     6 |     2 ||     8
       Potion            |       |     1 ||     1
  Eat: Chunk             |     2 |     3 ||     5
Armor: Leather armour    |    29 |    10 ||    39
       Ring mail         |    14 |     9 ||    23
       Chain mail        |       |    62 ||    62
Dodge: Dodged            |    49 |    41 ||    90

Table legend:
 A = Non-vault XP
 B = Vault XP
 C = Vault XP percentage of total XP
 D = Non-vault monster count
 E = Vault monster count
 F = Vault count percentage of total count
                 A         B        C        D         E       F
            +---------+---------+-------+---------+---------+-------
      Total |     268 |     197 |  42.4 |      64 |       7 |   9.9
            +---------+---------+-------+---------+---------+-------
        D:1 |      18 |       0 |   0.0 |      12 |       0 |   0.0
        D:2 |      38 |       2 |   5.0 |      17 |       2 |  10.5
        D:3 |      95 |      12 |  11.2 |      20 |       4 |  16.7
        D:4 |     117 |     183 |  61.0 |      15 |       1 |   6.2
            +---------+---------+-------+---------+---------+-------
